Map: Automaton LE

Players

Kelazhur - Winner!

  • Race: Terran Terran
  • Spawn Location: 9:00

Nerchio

  • Race: Zerg Zerg
  • Spawn Location: 3:00

Event: 2019 WCS Spring

VOD

Have the link to the VOD?

Description

Time

  • Played on: May 17, 2019, 1:38 p.m.
  • Length: 18:30

All games in this series

Show
View Real Time Build Order
Export as new Build Order

Kelazhur Terran - Winner!

Build Orders: Gas First Reaper Expand, Hellion Banshee 

Get SALT Encoding   

  12  0:00  SCV  
  13  0:12  SCV  
  14  0:17  Supply Depot  
  14  0:24  SCV  
  14  0:28  Refinery  
  15  0:39  SCV  
  16  0:45  Barracks  
  16  0:51  SCV  
  17  1:03  SCV  
  18  1:15  SCV  
  19  1:32  Reaper, Orbital Command  
  20  1:45  Command Center  
  20  1:56  Factory  
  20  2:00  SCV  
  21  2:06  Barracks Reactor  
  21  2:12  SCV  
  22  2:16  Supply Depot  
  22  2:21  Refinery  
  22  2:24  SCV  
  23  2:38  SCV  
  23  2:43  Starport  
  24  2:50  Hellion x2  
  24  2:51  SCV  
  29  2:54  Barracks Tech Lab  
  29  3:01  Orbital Command  
  29  3:04  SCV  
  29  3:16  SCV  
  30  3:22  Hellion  
  30  3:25  Hellion  
  34  3:32  SCV  
  35  3:36  Banshee  
  35  3:37  SCV  
  35  3:41  Cloaking Field  
  39  3:44  SCV  
  40  3:51  SCV  
  40  3:55  Supply Depot  
  41  3:56  SCV  
  42  4:03  SCV  
  42  4:09  SCV  
  44  4:16  Command Center  
  44  4:17  SCV  
  44  4:21  SCV, Banshee  
  47  4:34  SCV  
  47  4:36  SCV, Hellion x2  
  53  4:43  Supply Depot  
  53  4:46  SCV  
  53  4:52  Armory  
  54  5:05  SCV x2, Hellion x2  
  54  5:06  Supply Depot  
  60  5:17  SCV x2  
  60  5:21  Factory  
  62  5:22  Factory  
  62  5:27  Banshee  
  64  5:29  SCV x2  
  66  5:40  Hellion x2, Orbital Command  
  66  5:41  SCV x2  
  72  5:42  Refinery  
  72  5:43  Refinery  
  72  5:44  Terran Vehicle Weapons Level 1  
  72  5:53  SCV x2  
  74  5:59  Orbital Command  
  74  6:03  Supply Depot  
  74  6:05  SCV  
  74  6:06  Hellion x2, Factory Tech Lab  
  74  6:07  Factory Tech Lab  
  74  6:11  SCV  
  80  6:18  SCV  
  81  6:23  SCV, Banshee  
  82  6:27  Cyclone x2, Mag-Field Accelerator  
  82  6:31  SCV x2  
  90  6:35  Supply Depot  
  90  6:38  SCV  
  91  6:40  Refinery  
  91  6:44  SCV  
  92  6:47  Engineering Bay, Refinery  
  92  6:50  SCV, Supply Depot  
  93  6:57  Hellion x2  
  93  7:00  SCV x2, Factory  
  93  7:01  Factory, Supply Depot  
  99  7:08  SCV  
  99  7:12  Cyclone x2  
  106  7:16  SCV  
  106  7:19  SCV  
  106  7:20  SCV  
  113  7:23  Hellion x2, Supply Depot  
  113  7:28  SCV  
  106  7:31  SCV  
  106  7:34  SCV  
  108  7:40  SCV  
  108  7:43  SCV, Command Center, Supply Depot  
  110  7:45  Factory Tech Lab  
  110  7:48  Cyclone x2  
  113  7:55  Factory Reactor  
  113  7:56  Hellion x2  
  113  7:57  SCV  
  115  8:02  SCV x2  
  115  8:04  Terran Vehicle And Ship Armor Level 1  
  117  8:07  Missile Turret, Banshee  
  117  8:12  Cyclone  
  123  8:19  Hellion x2  
  127  8:22  Siege Tank  
  127  8:26  Sensor Tower  
  130  8:28  Hyperflight Rotors  
  130  8:40  Siege Tank  
  133  8:43  Supply Depot  
  133  8:55  SCV x2, Hellion x4  
  143  8:57  Planetary Fortress  
  143  8:59  Cyclone  
  146  9:05  Cyclone  
  146  9:06  SCV  
  146  9:07  SCV x2  
  146  9:08  Supply Depot  
  152  9:11  Armory  
  152  9:17  Cyclone  
  152  9:18  SCV  
  156  9:30  SCV, Hellion x3  
  163  9:32  Supply Depot  
  163  9:33  Hellion  
  162  9:43  Supply Depot  
  162  9:44  Supply Depot  
  163  9:45  SCV x2  
  163  9:46  Supply Depot  
  163  9:49  Command Center  
  164  9:53  SCV, Cyclone, Banshee  
  164  9:55  Smart Servos  
  164  9:57  Infernal Pre-Igniter  
  171  10:05  Cyclone x2  
  177  10:07  Terran Vehicle Weapons Level 2, Terran Vehicle And Ship Armor Level 2, Supply Depot  
  177  10:11  Hellion  
  179  10:20  Hellion x3  
  185  10:25  Cyclone  
  169  10:36  Hellion  
  169  10:40  Cyclone x2, Factory  
  169  10:41  Hellion, Factory  
  169  10:42  Hellion, Factory  
  178  10:58  Cyclone  
  178  10:59  Hellion x2  
  185  11:04  Hellion x2  
  189  11:12  Hellion x2  
  189  11:13  Starport  
  189  11:14  Starport x2  
  193  11:20  Hellion x2  
  182  11:30  Cyclone  
  185  11:33  Cyclone x2  
  185  11:37  Factory Reactor, Factory Tech Lab x2  
  187  11:41  Fusion Core  
  187  11:45  Command Center, Refinery  
  187  11:46  Command Center  
  172  11:48  Refinery  
  172  11:51  Hellion  
  172  11:52  Hellion x3  
  148  12:01  Cyclone x2  
  150  12:02  Starport Tech Lab x2, Cyclone  
  150  12:03  Starport Tech Lab  
  150  12:08  Cyclone x2  
  159  12:13  Hellion  
  159  12:15  Planetary Fortress  
  161  12:16  SCV x3  
  164  12:28  SCV  
  165  12:33  Cyclone x2  
  165  12:34  Cyclone  
  165  12:35  Hellion x3  
  165  12:37  Liberator  
  174  12:40  Cyclone, Liberator  
  165  12:46  Cyclone  
  156  12:53  Hellion x3  
  156  12:56  Hellion  
  158  13:05  Cyclone x2  
  158  13:20  Battlecruiser  
  158  13:21  Hellion  
  158  13:22  Hellion x8  
  158  13:25  Orbital Command  
  182  13:28  Command Center  
  182  13:30  Battlecruiser, Command Center  
  188  13:38  Hellion  
  190  13:43  Hellion x2  
  194  13:51  Terran Vehicle Weapons Level 3, Terran Vehicle And Ship Armor Level 3  
  200  14:11  Weapon Refit  
  200  14:13  Battlecruiser  
  180  14:41  Battlecruiser x2  
  180  14:43  Hellion x11  
  199  14:52  Refinery  
  199  14:56  Planetary Fortress  
  199  14:57  Refinery  
  199  14:58  Orbital Command x2  
  199  15:10  Battlecruiser  
  199  15:11  Hellion x5  
  199  15:12  Hellion, Command Center  
  191  15:24  Battlecruiser  
  191  15:25  Hellion  
  191  15:26  Cyclone x2  
  159  15:42  Hellion  
  159  15:46  Hellion x5  
  159  15:47  Hellion  
  169  15:55  Command Center  
  169  15:56  Command Center  
  161  16:06  Battlecruiser x2  
  161  16:07  Hellion  
  169  16:12  Starport  
  169  16:13  Starport  
  169  16:18  Cyclone  
  172  16:23  Cyclone x2  
  178  16:28  Terran Ship Weapons Level 1  
  178  16:41  Battlecruiser  
  178  16:43  Hellion  
  178  16:44  Cyclone x2  
  192  17:03  Cyclone x2  
  192  17:15  Cyclone  
  193  17:16  Cyclone  
  196  17:26  Cyclone  
  196  17:29  Hi-Sec Auto Tracking  
  197  17:42  Hellion  
  187  17:44  Hellion x3  
  187  17:50  Cyclone x2  
  189  17:59  Hellion  
Show
View Real Time Build Order
Export as new Build Order

Nerchio Zerg 

Build Orders: Hatch First 

Get SALT Encoding   

  12  0:00  Drone  
  13  0:12  Overlord  
  13  0:18  Drone  
  14  0:31  Drone x2  
  16  0:50  Hatchery  
  16  0:52  Drone  
  16  0:56  Drone  
  17  1:00  Drone  
  17  1:03  Extractor  
  17  1:15  Spawning Pool  
  16  1:19  Drone  
  16  1:23  Drone  
  18  1:29  Drone  
  19  1:38  Overlord  
  19  1:52  Drone  
  20  2:02  Queen x2  
  20  2:03  Zergling x2  
  20  2:06  Zergling x2  
  26  2:13  Metabolic Boost  
  27  2:15  Drone  
  27  2:19  Drone  
  27  2:22  Drone  
  29  2:36  Drone x3  
  31  2:40  Queen  
  32  2:44  Overlord  
  32  2:48  Zergling x2  
  33  2:55  Zergling x2  
  34  3:08  Drone x3  
  37  3:13  Drone  
  37  3:14  Drone x5  
  42  3:24  Roach Warren  
  41  3:34  Hatchery, Zergling x2  
  40  3:35  Zergling x2  
  40  3:38  Zergling x2  
  43  3:53  Lair, Drone  
  43  3:54  Overlord  
  44  3:55  Overlord  
  44  4:12  Extractor  
  44  4:13  Drone  
  44  4:14  Drone x7  
  44  4:17  Overlord  
  51  4:21  Evolution Chamber  
  50  4:31  Drone x2  
  50  4:37  Spore Crawler  
  50  4:38  Spore Crawler, Extractor, Queen  
  47  4:42  Roach  
  47  4:43  Roach x3  
  47  4:45  Roach  
  56  4:51  Drone x3  
  59  4:54  Overseer  
  59  4:57  Glial Reconstitution  
  59  4:59  Drone  
  60  5:01  Drone  
  60  5:02  Drone  
  62  5:07  Drone x2  
  62  5:08  Drone  
  62  5:11  Drone x2  
  67  5:16  Overlord  
  67  5:21  Drone x3  
  67  5:22  Drone  
  70  5:32  Zerg Ground Armor Level 1  
  70  5:33  Infestation Pit  
  70  5:34  Drone x2  
  68  5:37  Spore Crawler  
  68  5:39  Drone  
  68  5:40  Drone  
  68  5:42  Drone  
  69  5:45  Drone  
  69  5:47  Drone  
  69  5:48  Extractor, Drone  
  72  5:50  Drone  
  72  5:53  Drone x2  
  72  5:54  Drone  
  75  5:58  Extractor  
  75  5:59  Extractor  
  75  6:00  Overlord  
  75  6:03  Drone x2  
  75  6:04  Drone  
  75  6:06  Drone  
  74  6:28  Hive  
  74  6:29  Drone x4  
  74  6:31  Hatchery, Drone  
  78  6:37  Queen  
  78  6:39  Evolution Chamber  
  79  6:44  Roach x3  
  79  6:46  Overlord  
  85  6:49  Overlord  
  85  6:52  Roach  
  85  6:53  Roach  
  89  6:58  Overlord x2  
  89  7:08  Zerg Missile Weapons Level 1  
  89  7:12  Drone x7  
  89  7:13  Drone x2  
  98  7:18  Hydralisk Den  
  98  7:20  Pneumatized Carapace  
  97  7:31  Roach x6  
  97  7:32  Roach  
  109  7:51  Hatchery  
  106  7:59  Drone x11  
  115  8:06  Hatchery  
  115  8:07  Queen  
  115  8:08  Queen  
  115  8:12  Grooved Spines  
  118  8:15  Spore Crawler  
  118  8:18  Viper  
  120  8:21  Overlord x4  
  120  8:24  Overlord  
  119  8:37  Overlord  
  119  8:40  Hydralisk x5  
  127  8:44  Viper x2  
  127  8:47  Infestor  
  135  8:51  Extractor  
  135  8:55  Roach x3  
  140  8:56  Overseer  
  140  9:05  Zerg Missile Weapons Level 2  
  140  9:06  Viper  
  140  9:07  Viper x2  
  149  9:12  Drone x6  
  149  9:14  Roach  
  149  9:15  Roach  
  159  9:20  Spire  
  158  9:25  Hydralisk x2  
  158  9:27  Overlord  
  158  9:28  Overlord  
  162  9:35  Overlord x2  
  162  9:40  Hydralisk x3, Extractor  
  167  9:46  Spore Crawler  
  167  9:51  Zerg Ground Armor Level 2  
  167  9:52  Extractor  
  165  9:55  Roach x2  
  165  9:58  Roach Warren  
  165  9:59  Drone x4  
  172  10:00  Drone  
  175  10:07  Roach x5  
  183  10:16  Spore Crawler  
  183  10:19  Roach  
  183  10:20  Roach x6  
  196  10:34  Roach  
  196  10:35  Roach x3  
  200  10:43  Greater Spire  
  200  10:49  Overlord x2  
  200  10:53  Hatchery  
  193  11:03  Extractor  
  192  11:05  Spore Crawler  
  192  11:08  Drone x2  
  192  11:09  Drone  
  192  11:10  Spore Crawler  
  193  11:11  Hydralisk  
  193  11:12  Hydralisk x3, Spore Crawler  
  193  11:13  Spore Crawler  
  195  11:23  Drone x2  
  195  11:24  Drone x3  
  195  11:25  Drone x3  
  197  11:26  Drone x2  
  197  11:32  Drone  
  200  11:35  Spine Crawler  
  194  11:41  Infestation Pit, Drone  
  194  11:42  Drone x5  
  193  11:51  Hydralisk  
  181  11:54  Hydralisk x3  
  181  12:00  Hydralisk  
  189  12:12  Hydralisk  
  189  12:13  Hydralisk x4, Hatchery  
  198  12:19  Drone x2  
  200  12:23  Evolution Chamber  
  200  12:25  Evolution Chamber  
  191  12:40  Hydralisk x8  
  188  12:47  Drone  
  188  12:48  Drone x6  
  188  12:50  Muscular Augments  
  192  12:53  Drone x3  
  187  12:59  Drone  
  187  13:02  Zerg Missile Weapons Level 3  
  183  13:05  Drone  
  183  13:08  Drone  
  185  13:13  Drone x2  
  185  13:16  Drone  
  185  13:19  Drone  
  189  13:20  Drone  
  189  13:22  Drone  
  189  13:24  Drone  
  189  13:26  Drone  
  193  13:28  Drone  
  194  13:40  Hatchery  
  193  13:41  Drone  
  193  13:44  Drone x2  
  193  13:46  Drone  
  197  13:49  Drone  
  197  13:51  Drone x2  
  199  14:18  Drone x2  
  196  14:25  Roach x3  
  196  14:36  Roach  
  196  14:37  Roach x13  
  193  14:45  Roach  
  172  14:50  Hydralisk x5  
  172  14:51  Hydralisk  
  182  15:02  Hydralisk x6  
  188  15:13  Hydralisk x6  
  183  15:26  Drone x6  
  173  15:30  Drone  
  173  15:31  Spore Crawler  
  173  15:33  Roach  
  173  15:34  Roach x4  
  169  15:40  Spine Crawler  
  169  15:41  Roach  
  169  15:42  Roach x2  
  166  15:44  Roach x2  
  166  15:45  Roach  
  172  15:56  Drone x4  
  177  15:57  Drone x2  
  169  16:06  Drone x2  
  169  16:07  Drone x5  
  174  16:18  Infestor x2  
  176  16:25  Viper x4  
  178  16:26  Viper  
  178  16:29  Drone x4  
  197  16:41  Hydralisk  
  199  16:55  Spine Crawler  
  199  16:58  Spine Crawler  
  199  17:00  Evolution Chamber  
  196  17:01  Evolution Chamber  
  196  17:07  Hatchery  
  194  17:17  Pathogen Glands  
  194  17:18  Burrow  
  194  17:19  Hydralisk  
  194  17:20  Hydralisk x3  
  183  17:39  Hydralisk x12  
  183  17:42  Overlord x2  
  190  17:48  Hydralisk x4  
  190  17:51  Hydralisk  
Tags
 
Add a new tag
Caveats
  • Supply blocks, unpowered buildings, or Contaminate may cause inaccurate times.
  • Supply counts are checked every 10 seconds.